 Dungeon Crawl Stone Soup version 0.28-a0-21-gf74fda84f9 (webtiles) character file.

Game seed: 4636258891654803834

81 ezpacito the Skirmisher (level 4, -1/35 HPs)
             Began as a Demonspawn Abyssal Knight on July 26, 2021.
             Was a Follower of Lugonu.
             Slain by a goblin (4 damage)
             ... led by Robin
             ... on level 2 of the Dungeon.
             The game lasted 00:02:05 (2104 turns).

ezpacito the Skirmisher (Demonspawn Abyssal Knight) Turns: 2104, Time: 00:02:06

Health: -1/35      AC:  6    Str: 12    XL:     4   Next: 20%
Magic:  6/6        EV:  9    Int: 17    God:    Lugonu [*.....]
Gold:   109        SH:  0    Dex: 14    Spells: 5/5 levels left

rFire   . . .      SeeInvis .   g - +0 war axe
rCold   . . .      Faith    .   (no shield)
rNeg    . . .      Spirit   .   i - +0 scale mail
rPois   .          Reflect  .   (no helmet)
rElec   .          Harm     .   (no cloak)
rCorr   .          Rampage  .   (no gloves)
Will    .....                   (no boots)
Stlth   ..........              (no amulet)
HPRegen 0.11/turn               (no ring)
MPRegen 0.10/turn               (no ring)

@: no status effects
A: big brain 2
a: Renounce Religion, Depart the Abyss


You were on level 2 of the Dungeon.
You worshipped Lugonu.
Lugonu was aware of your devotion.
You visited 1 branch of the dungeon, and saw 2 of its levels.
You visited the Abyss 1 time.

You collected 109 gold pieces.

Inventory:

Hand Weapons
 a - a +1 hand axe
 g - a +0 war axe (weapon)
Missiles
 f - 13 stones (quivered)
Armour
 i - a +0 scale mail (worn)
Scrolls
 c - a scroll of noise {unknown}
 e - a scroll of silence {unknown}
 m - 2 scrolls of identify {unknown}
 n - a scroll of torment {unknown}
Potions
 b - a potion of degeneration {unknown}
 d - a potion of heal wounds {unknown}
 h - 3 potions of curing
 j - 2 potions of resistance {unknown}
 k - a potion of might {unknown}
 l - a potion of cancellation {unknown}


   Skills:
 + Level 3.3 Fighting
 * Level 2.7 Axes
 + Level 2.1 Armour
 + Level 1.4 Dodging
 + Level 1.1 Spellcasting
 + Level 3.1 Invocations


You had 5 spell levels left.
You didn't know any spells.
Your spell library contained the following spells:

 Spells                   Type           Power      Damage    Failure   Level
 Corona                   Hex            1%         N/A       73%         1
 Ensorcelled Hibernation  Hex/Ice        2%         N/A       86%         2
 Tukima's Dance           Hex            1%         N/A       97%         3


Dungeon Overview and Level Annotations

Branches:
Dungeon (2/15)

Altars:

Annotations:
D:2 Robin


Innate Abilities, Weirdness & Mutations

You have an extremely huge brain. (Int +4)


Message History

The goblin hits you with a +0 club. The goblin barely misses you.
You hear a shout!
The goblin shouts!
You hit the goblin.
You kill the goblin!
Lugonu accepts your kill.
You hit the goblin.
You kill the goblin!
Lugonu accepts your kill.
You closely miss the goblin.
Robin points. "Kill!"
The goblin hits you but does no damage. The goblin hits you with a +0 club.
You barely miss the goblin.
A goblin comes into view. It is wielding a +0 club.
The goblin barely misses you.
Your scale mail prevents you from hitting the goblin.
Robin throws the goblin at you! The goblin hits you with a +0 club.
The goblin hits you but does no damage.
You barely miss the goblin. You closely miss the goblin.
Robin hits you from afar with a +0 spear.
The goblin hits you with a +0 dagger. Robin closely misses you.
The goblin barely misses you. The goblin hits you but does no damage.
You are too injured to fight recklessly!
You are too injured to fight recklessly!
You are too injured to fight recklessly!
You are too injured to fight recklessly!
You are too injured to fight recklessly!
You closely miss the goblin. x2
Robin hits you from afar with a +0 spear.
The goblin barely misses you. The goblin hits you but does no damage.
You miss the goblin. You closely miss the goblin. You miss the goblin.
Robin hits you from afar with a +0 spear.
The goblin hits you but does no damage. The goblin hits you with a +0 club.
* * * LOW HITPOINT WARNING * * *
The goblin hits you with a +0 dagger.
* * * LOW HITPOINT WARNING * * *
Robin throws the goblin at you! The goblin hits you with a +0 club.
* * * LOW HITPOINT WARNING * * *
The goblin hits you with a +0 club.
You die...

.....# #..........#
...⌠#####.#######.#
...##.###....####.#
#'###.............#
#.###..#####.###..#
#......# #.# #..#
#####..# #.# #..#
#).# #.# #gg#
##..#####.# #@g#
#.#)....#.# #g)#
#.........# #g.#
##.#.###.### #..#
##.......... ...#
#..#.......## ##.#
#....###...# .#
#.#.## #### .#
#.#.#


You could see Robin and 4 goblins.

Vanquished Creatures
  2 adders (D:2)
  2 worms (D:2)
  A dart slug (D:2)
  A ball python (D:1)
  2 bats (D:1)
  6 endoplasms
  A giant cockroach (D:2)
  9 goblins
  6 hobgoblins
  2 jackals (D:1)
  8 kobolds
  2 quokkas
  3 frilled lizards (D:1)
  4 rats
49 creatures vanquished.

Notes
Turn   | Place    | Note
-------+----------+-------------------------------------------
     0 | Abyss:1  | ezpacito the Demonspawn Abyssal Knight began the quest for
                  | the Orb.
     0 | Abyss:1  | Reached XP level 1. HP: 18/18 MP: 2/2
    81 | Abyss:1  | Noticed an orange demon
   105 | Abyss:2  | Noticed a bone dragon
   111 | D:1      | Escaped the Abyss
   215 | D:1      | Reached skill level 1 in Dodging
   617 | D:1      | Gained mutation: You have an unusually large brain. (Int
                  | +2) [demonic ancestry]
   617 | D:1      | Reached XP level 2. HP: 24/24 MP: 4/4
   659 | D:1      | Found a faded altar of an unknown god.
   739 | D:1      | Reached * piety under Lugonu
  1089 | D:1      | Reached XP level 3. HP: 29/29 MP: 5/5
  1755 | D:2      | Reached skill level 1 in Spellcasting
  1996 | D:2      | Gained mutation: You have an extremely huge brain. (Int +4)
                  | [demonic ancestry]
  1996 | D:2      | Reached XP level 4. HP: 35/35 MP: 6/6
  2095 | D:2      | Noticed Robin
  2104 | D:2      | Slain by a goblin

Illustrated notes

Levels and vault maps discovered:
D:1:      sevenhm_arrival_forest_fort_small_1, layout_basic,
          ebering_ecumenical_altar_ruins
D:2:      layout_loops_ring, basic_altar, grunt_ministairs_7, uniq_robin

Skill      XL: |  1  2  3 |
---------------+----------+-----
Dodging        | 1 |  1.4
Axes           | 2 |  2.7
Armour         | 2 |  2.1
Spellcasting   | 1 |  1.1
Invocations    | 3 |  3.1
Fighting       | |  3.3

Action                   |  1- 3 |  4- 6 || total
-------------------------+-------+-------++-------
Melee: War axe           |   110 |    15 ||   125
       Hand axe          |     3 |       ||     3
Invok: Depart the Abyss  |     1 |       ||     1
  Use: Potion            |     1 |       ||     1
Armor: Leather armour    |     6 |       ||     6
       Scale mail        |    40 |     8 ||    48
Dodge: Dodged            |    70 |     9 ||    79

Table legend: (Time is in decaauts)
 A = Elapsed time spent in this place.
 B = Non-inter-level travel time spent in this place.
 C = Inter-level travel time spent in this place.
 D = Time resting spent in this place.
 E = Time spent auto-exploring this place.
 F = Levels seen in this place.
 G = Mean time per level.
                   A        B        C        D        E       F      G
               +--------+--------+--------+--------+--------+-----+--------+
         Total |   2152 |   2109 |     43 |     79 |   1663 |   4 |  538.0 |
       Dungeon |   2041 |   1998 |     43 |     79 |   1594 |   2 | 1020.5 |
         Abyss |    110 |    110 |      0 |      0 |     69 |   2 |   55.0 |
               +--------+--------+--------+--------+--------+-----+--------+

Top non-repeatable levels by time:
     D:1: 1404 daAuts
     D:2: 637 daAuts
 Abyss:1: 89 daAuts
 Abyss:2: 21 daAuts
